 Dungeon Crawl Stone Soup version 0.31-a0-841-g038b102fc3 (webtiles) character file.

Game seed: 8694701104447522960

35 TheScarfBastard the Trooper (level 3, -4/49 HPs)
             Began as a Draconian Berserker on Sept 27, 2023.
             Was a Believer of Trog.
             Slain by a gnoll
             ... wielding a +0 flail
              (5 damage)
             ... on level 2 of the Dungeon.
             The game lasted 00:02:23 (618 turns).

TheScarfBastard the Trooper (Draconian Berserker)    Turns: 618, Time: 00:02:24

Health: -4/49      AC:  6    Str: 21    XL:     3   Next: 16%
Magic:  3/3        EV: 12    Int:  7    God:    Trog [**....]
Gold:   22         SH:  0    Dex: 10    Spells: 2/2 levels left

rFire   . . .        a - +0 mace
rCold   . . .        (no shield)
rNeg    . . .        (body armour unavailable)
rPois   .            (helmet restricted)
rElec   .            e - +0 cloak
rCorr   .            (no gloves)
SInv    .            (no boots)
Will    .....        (no amulet) Stlth
                     (no ring)
HPRegen 0.28/turn    (no ring)
MPRegen 0.08/turn

%: no passive effects
@: berserking, very quick
A: AC +5, unfitting armour, cold-blooded
a: Renounce Religion, Berserk, Trog's Hand


You were on level 2 of the Dungeon.
You worshipped Trog.
Trog was pleased with you.
You visited 1 branch of the dungeon, and saw 2 of its levels.

You collected 22 gold pieces.

Inventory:

Hand Weapons
 a - a +0 mace (weapon)
 h - a +0 hand axe
Armour
 e - a +0 cloak (worn)
Scrolls
 c - a scroll of fog
 f - a scroll of enchant weapon {unknown}
Potions
 b - a potion of cancellation {unknown}
 d - a potion of attraction {unknown}
 g - a potion of degeneration
 i - a potion of brilliance {unknown}
 j - a potion of invisibility {unknown}


   Skills:
 + Level 3.8 Fighting
 + Level 3.5 Maces & Flails
 + Level 3.1 Dodging


You had 2 spell levels left.
You didn't know any spells.
Your spell library was empty.

Dungeon Overview and Level Annotations

Branches:
Dungeon (2/15)

Altars:


Innate Abilities, Weirdness & Mutations

Your plain brown scales are hard. (AC +5)
You cannot fit into any form of body armour.
You are cold-blooded and may be slowed by cold attacks.


Message History

A rat comes into view.
The rat bites you.
You barely miss the rat. The rat bites you but does no damage.
You sock the rat!
You kill the rat!
Trog accepts your kill.
You see here a rat corpse.
i - a fizzy clear potion
There is a stone staircase leading up here.
Found a stone staircase leading up.
A bat comes into view.
A bat is nearby!
The bat barely misses you.
You hit the bat.
You kill the bat!
Trog accepts your kill.
There is a stone staircase leading up here.
j - a green potion
Found a ring mail.
Found a spear and a rapier. 2 gnolls come into view.
A gnoll comes into view. It is wielding a +0 flail.
Found 3 stones.
The gnoll shouts! x3
A rat comes into view.
You see here a +0 ring mail.
The gnoll misses you. The gnoll hits you with a +0 halberd!
A red film seems to cover your vision as you go berserk!
You feel yourself moving faster!
You feel mighty! The gnoll completely misses you. The gnoll barely misses you.
You closely miss the gnoll.
The gnoll hits you from afar with a +0 halberd!
The gnoll hits you with a +0 halberd! The gnoll hits you with a +0 flail.
* * * LOW HITPOINT WARNING * * *
You hit the gnoll.
The gnoll is heavily wounded.
The gnoll misses you. The gnoll hits you with a +0 halberd!
* * * LOW HITPOINT WARNING * * *
The gnoll hits you with a +0 flail.
You die...

...... #.#. #.##
###.....# #.#.# #..#
........## #.#..####.#
.##.......# #.##......#
.........# #.# #.....
#.)...(. #.####.....
#...g..#####.#........
##.#.gg#........##.....
#....r@.[.###.####.###.
#.#####..)# #.# #.# #.
#..#...#.# #.# #.
#.####...# #.# #. ...
#### #.# .. #### #.#


You could see 3 gnolls and a rat.

Vanquished Creatures
  A dart slug (D:1)
  2 ball pythons (D:1)
  2 endoplasms (D:1)
  2 giant cockroaches (D:1)
  3 goblins (D:1)
  6 hobgoblins (D:1)
  3 kobolds (D:1)
  2 quokkas (D:1)
  4 bats
  2 frilled lizards (D:1)
  A rat (D:2)
28 creatures vanquished.

Notes
Turn   | Place    | Note
-------+----------+-------------------------------------------
     0 | D:1      | TheScarfBastard the Draconian Berserker began the quest for
                  | the Orb.
     0 | D:1      | Reached XP level 1. HP: 19/19 MP: 1/1
    67 | D:1      | Reached XP level 2. HP: 19/26 MP: 2/2
   426 | D:1      | Reached XP level 3. HP: 33/33 MP: 3/3
   493 | D:1      | Reached ** piety under Trog
   618 | D:2      | HP: 1/49 [gnoll/+0 halberd (8)]
   618 | D:2      | Slain by a gnoll

Illustrated notes

Levels and vault maps discovered:
D:1:      nagdon_arrival_zigzag_paths, layout_loops_ring,
          chequers_serial_rivers_small_a
D:2:      layout_rooms

Skill      XL: |  1  2 |
---------------+-------+-----
Dodging        | 3 |  3.1
Fighting       | |  3.8
Maces & Flails | |  3.5

Action                     || total
---------------------------++-------
  Melee: Mace              ||    78
         Tailslap          ||    10
 Invoke: Berserk           ||     1
    Use: Scroll            ||     2
 Armour: Skin              ||    69
  Dodge: Dodged            ||    64

Table legend: (Time is in decaauts)
 A = Elapsed time spent in this place.
 B = Non-inter-level travel time spent in this place.
 C = Inter-level travel time spent in this place.
 D = Time resting spent in this place.
 E = Time spent auto-exploring this place.
 F = Levels seen in this place.
 G = Mean time per level.
                   A        B        C        D        E       F      G
               +--------+--------+--------+--------+--------+-----+--------+
         Total |    636 |    636 |      0 |      0 |    328 |   2 |  318.0 |
       Dungeon |    636 |    636 |      0 |      0 |    328 |   2 |  318.0 |
               +--------+--------+--------+--------+--------+-----+--------+

Top non-repeatable levels by time:
     D:1: 554 daAuts
     D:2: 82 daAuts
